[Event "10th Cesme Open-A 2024"]
[Site "Cesme"]
[Date "2024.06.28"]
[Round "7"]
[White "Karaoglan, Kivanc"]
[Black "Durak, Can"]
[Result "1-0"]
[ECO "B51"]
[WhiteElo "2274"]
[BlackElo "2442"]
[Annotator "TA"]
[PlyCount "119"]
[EventDate "2024.06.23"]
[EventType "swiss"]
[EventCountry "TUR"]
[SourceTitle "playchess.com"]
[Source "ChessBase"]
[SourceQuality "1"]
[TimeControl "5400+30"]

1. e4 c5 2. Nf3 d6 3. Bb5+ Nd7 4. d4 cxd4 5. Nxd4 Ngf6 6. O-O {[%emt 0:00:30] B51: Sicilian: Moscow Variation (3 Bb5+) without 3...Bd7.} a6 7. Bd3 Nc5 8. Re1 e5 9. Nb3 Be6 $146 (9... Nxd3 $11 10. Qxd3 Be7) ({Predecessor:} 9... Bg4 10. f3 Nxd3 11. cxd3 Be6 12. d4 Be7 13. Nc3 O-O 14. Be3 Rc8 15. Qd2 Bc4 {0-1 Deac,B (2693)-Svidler,P (2689) Chess.com Play In Match Div 3 rapid 2024 (1.3)}) 10. Nxc5 $14 dxc5 11. c4 Be7 12. Nc3 O-O 13. Nd5 h6 14. b3 Bxd5 15. exd5 Bd6 16. Bb2 Qc7 17. g3 Rae8 {[%emt 0:00:30] [#]} 18. f4 (18. Bf5 $142 $1 ) 18... Nd7 (18... exf4 $2 19. Bxf6 Rxe1+ (19... gxf6 20. Qg4+ Kh8 21. Qf5) 20. Qxe1 $18) (18... Qb8 $16 {was necessary.}) 19. Qg4 $18 Qd8 20. Qf5 g6 21. Qh3 $1 h5 (21... exf4 $2 22. Qxh6 Ne5 23. Rxe5 Bxe5 24. Bxg6 fxg6 25. Qxg6+ Kh8 26. Qh5+ Kg8 27. Bxe5 Rxe5 28. Qxe5 $18) 22. f5 Kg7 23. Re2 Nf6 24. fxg6 fxg6 25. Rae1 Ng4 26. Qg2 Qf6 27. h3 Nh6 28. g4 ({White should try} 28. Qe4) 28... hxg4 $16 29. hxg4 Qh4 30. Qh2 Qxh2+ $1 (30... Qxg4+ $2 31. Rg2 $18) 31. Rxh2 Nf7 (31... Nxg4 $6 32. Rg2 Rf4 33. Bc1 $16) 32. Rf2 Ng5 33. Rxf8 Rxf8 34. Kg2 Nf7 35. Bc1 Re8 36. Be4 Be7 37. Rf1 Nd6 38. Bd3 Bf6 (38... b6 $14) 39. Bh6+ $1 $16 ({But not} 39. g5 Bd8 $14) 39... Kxh6 40. Rxf6 e4 {[%emt 0:01:30] [#]} 41. Bc2 ({White should play} 41. Be2 $1 $16 Nc8 42. Rf7) 41... Nc8 $1 $14 42. Re6 Rxe6 43. dxe6 Nd6 $2 (43... e3 $1 $11 {and Black has nothing to worry.}) 44. e7 $18 e3 $2 (44... Kg7 45. Bxe4 b6) 45. Kf3 $2 (45. b4 Kg7 46. bxc5) 45... Kg7 $2 (45... b6 46. Be4 (46. Kxe3 Kg5 $16) 46... Kg7) 46. g5 $1 $18 ({Less strong is} 46. Kxe3 Kf6 $16) 46... b5 (46... Kf7 $142 47. Kxe3 b5 48. cxb5 Nxb5 49. Bxg6+ Kxe7) 47. cxb5 $18 axb5 48. Kxe3 b4 49. Kf4 Kf7 50. Ke5 Kxe7 51. Bxg6 Nb5 52. Bd3 Nc3 53. Bc4 Kf8 {[%emt 0:00:30] [#]} 54. Kf6 $1 Ne4+ 55. Kg6 Nd6 56. Kh7 Ne4 57. g6 (57. Kh6 $142 Nd6 58. Kg6) 57... Nf6+ $18 58. Kh6 Ne8 59. Bb5 Ng7 60. Bd7 1-0

[Event "10th Cesme Open-A 2024"]
[Site "Cesme"]
[Date "2024.06.28"]
[Round "7"]
[White "Barrish, Daniel"]
[Black "Yermolinsky, Alex"]
[Result "0-1"]
[ECO "A50"]
[WhiteElo "2256"]
[BlackElo "2421"]
[Annotator "RC"]
[PlyCount "58"]
[EventDate "2024.06.23"]
[EventType "swiss"]
[EventCountry "TUR"]
[SourceTitle "playchess.com"]
[Source "ChessBase"]
[SourceQuality "1"]
[TimeControl "5400+30"]

1. d4 Nf6 2. c4 Nc6 3. Nc3 e5 4. d5 Ne7 5. Nf3 Ng6 6. h4 h5 7. Bg5 Be7 8. e3 d6 9. Bd3 Nf8 10. c5 N8d7 11. cxd6 cxd6 12. Nd2 a6 13. b4 Nb6 14. e4 Ng4 15. f3 Nh6 16. Be3 Bxh4+ 17. Ke2 Bg5 18. Rxh5 Bxe3 19. Kxe3 Nf5+ 20. Rxf5 g6 21. Qg1 Bd7 22. Ke2 Rc8 23. Rc1 gxf5 24. exf5 Rxc3 25. Rxc3 Nxd5 26. Rc4 Bb5 27. Qa7 Bxc4 28. Bxc4 Nf4+ 29. Kf2 Rh2 0-1

[Event "10th Cesme Open-A 2024"]
[Site "Cesme"]
[Date "2024.06.28"]
[Round "7"]
[White "Cilek, Bora"]
[Black "Kamer, Kayra"]
[Result "0-1"]
[ECO "D02"]
[WhiteElo "2242"]
[BlackElo "2316"]
[Annotator "RC"]
[PlyCount "120"]
[EventDate "2024.06.23"]
[EventType "swiss"]
[EventCountry "TUR"]
[SourceTitle "playchess.com"]
[Source "ChessBase"]
[SourceQuality "1"]
[TimeControl "5400+30"]

1. Nf3 d5 2. g3 Nc6 3. d4 Bf5 4. Bg2 Qd7 5. O-O Bh3 6. c4 Bxg2 7. Kxg2 e6 8. cxd5 exd5 9. Nc3 O-O-O 10. Bf4 f6 11. h4 Nge7 12. Nb5 a6 13. Bxc7 axb5 14. Bxd8 Qxd8 15. Qb3 Qb6 16. a4 b4 17. Rfc1 Kb8 18. Qe3 Na5 19. Rc5 Nc4 20. Qc1 Qd8 21. b3 Na5 22. Qe3 Nec6 23. Rc2 Bd6 24. Qd3 Qe7 25. Rb2 Qe4 26. Rd1 Re8 27. e3 f5 28. Qxe4 fxe4 29. Ng5 h6 30. Nh3 Ne7 31. Rc1 Nf5 32. Kf1 Nc6 33. Ke2 Rf8 34. Kd2 Kc7 35. Rh1 Kd7 36. Rc2 Na5 37. Rb1 Ne7 38. Kc1 Ng8 39. Kb2 Nf6 40. Rg1 Ng4 41. Nf4 g5 42. hxg5 hxg5 43. Nh3 Be7 44. Rh1 Nc6 45. Re1 Rh8 46. Rh1 Rf8 47. Re1 Rf7 48. Rec1 Bf6 49. a5 Rh7 50. a6 bxa6 51. Nxg5 Bxg5 52. Rxc6 Rh2 53. Kb1 Rxf2 54. Rg6 Bxe3 55. Rcc6 Rf1+ 56. Kb2 Bxd4+ 57. Kc2 Ne3+ 58. Kd2 Rf2+ 59. Kc1 Bc3 60. Rxa6 Rf1# 0-1

[Event "10th Cesme Open-A 2024"]
[Site "Cesme"]
[Date "2024.06.28"]
[Round "7"]
[White "Bolat, Inayat"]
[Black "Samani, Yamac"]
[Result "1-0"]
[ECO "C63"]
[WhiteElo "2232"]
[BlackElo "2360"]
[Annotator "RC"]
[PlyCount "103"]
[EventDate "2024.06.23"]
[EventType "swiss"]
[EventCountry "TUR"]
[SourceTitle "playchess.com"]
[Source "ChessBase"]
[SourceQuality "1"]
[TimeControl "5400+30"]

1. e4 e5 2. Nf3 Nc6 3. Bb5 f5 4. d3 fxe4 5. dxe4 Nf6 6. O-O d6 7. Bc4 Bg4 8. Qd3 Na5 9. Nbd2 Qd7 10. Bb5 c6 11. b4 cxb5 12. bxa5 Be7 13. Rb1 O-O 14. Qxb5 Qxb5 15. Rxb5 b6 16. axb6 axb6 17. Rxb6 Rxa2 18. Rb7 Bd8 19. Bb2 Bc8 20. Rb3 Be6 21. c4 Nd7 22. Ba3 Rxf3 23. Nxf3 Bxc4 24. Rb7 Bxf1 25. Rxd7 Bb6 26. Kxf1 Ra1+ 27. Ke2 Ra2+ 28. Kd3 Rxa3+ 29. Kc4 Bxf2 30. Ng5 Ra8 31. Ne6 g6 32. Kd5 Bg1 33. Ng5 Rf8 34. Ke6 Re8+ 35. Kxd6 Bxh2 36. Nxh7 Ra8 37. Ng5 Ra6+ 38. Ke7 Bf4 39. Ne6 Bh6 40. Kf6 Be3 41. Rg7+ Kh8 42. Rxg6 Bd4 43. Rg3 Kh7 44. Rh3+ Kg8 45. g4 Ra1 46. Rb3 Ra8 47. g5 Bf2 48. Kxe5 Kh7 49. Rh3+ Kg8 50. Kf6 Ra6 51. Rd3 Bb6 52. Rd6 1-0

[Event "10th Cesme Open-A 2024"]
[Site "Cesme"]
[Date "2024.06.28"]
[Round "7"]
[White "Ozdemir, Serhan Berat"]
[Black "Taspinar, Yanki"]
[Result "0-1"]
[ECO "C60"]
[WhiteElo "2225"]
[BlackElo "2309"]
[Annotator "RC"]
[PlyCount "64"]
[EventDate "2024.06.23"]
[EventType "swiss"]
[EventCountry "TUR"]
[SourceTitle "playchess.com"]
[Source "ChessBase"]
[SourceQuality "1"]
[TimeControl "5400+30"]

1. e4 e5 2. Nf3 Nc6 3. Bb5 g6 4. c3 a6 5. Ba4 d6 6. d4 Bd7 7. O-O Bg7 8. h3 Nf6 9. Bc2 O-O 10. Nbd2 Re8 11. Re1 b5 12. Nb3 a5 13. dxe5 Nxe5 14. Nxe5 Rxe5 15. a4 bxa4 16. Nd4 Qc8 17. Bf4 Re8 18. Bh2 Qb7 19. Qf3 Qb6 20. Qd3 Qb7 21. Qf3 Rab8 22. Qd3 Rbd8 23. Qf3 Qb6 24. Bxa4 Bxa4 25. Rxa4 Qxb2 26. Bf4 Rxe4 27. Rxe4 Qb1+ 28. Re1 Qxe1+ 29. Kh2 Nh5 30. Bg5 Qe5+ 31. g3 Qxg5 32. Nc6 Re8 0-1

[Event "10th Cesme Open-A 2024"]
[Site "Cesme"]
[Date "2024.06.28"]
[Round "7"]
[White "Zeynalli, Rashad"]
[Black "Demirbag, Alihan"]
[Result "1-0"]
[ECO "D00"]
[WhiteElo "2127"]
[BlackElo "2055"]
[Annotator "RC"]
[PlyCount "89"]
[EventDate "2024.06.23"]
[EventType "swiss"]
[EventCountry "TUR"]
[SourceTitle "playchess.com"]
[Source "ChessBase"]
[SourceQuality "1"]
[TimeControl "5400+30"]

1. d4 d5 2. Bg5 f6 3. Bf4 c5 4. e3 Nc6 5. Nc3 e5 6. dxe5 fxe5 7. Bg3 Nf6 8. Nf3 Bg4 9. h3 Bh5 10. Be2 d4 11. Nxe5 Bxe2 12. Nxe2 dxe3 13. fxe3 Qc8 14. Qd3 Be7 15. Qc4 Nxe5 16. Bxe5 Qc6 17. Nc3 a6 18. Bxf6 Bxf6 19. Nd5 O-O-O 20. O-O-O Kb8 21. Rhf1 Rhe8 22. e4 Rd6 23. Nxf6 gxf6 24. Rd5 Rde6 25. Qxc5 Qxc5 26. Rxc5 Rxe4 27. Rcf5 Re1+ 28. Rxe1 Rxe1+ 29. Kd2 Rg1 30. g4 Rg2+ 31. Kd1 Rg1+ 32. Ke2 Rg2+ 33. Rf2 Rg3 34. Rh2 Rg1 35. Kf3 Kc7 36. Rd2 Ra1 37. a3 Rb1 38. b3 b5 39. Ke4 Rh1 40. Rd3 Rh2 41. Kf5 Rf2+ 42. Ke6 h6 43. b4 Kc8 44. Rc3+ Kb7 45. Kf7 1-0

[Event "10th Cesme Open-A 2024"]
[Site "Cesme"]
[Date "2024.06.28"]
[Round "7"]
[White "Baylav, Can"]
[Black "Demirtas, Alper"]
[Result "0-1"]
[ECO "B40"]
[WhiteElo "2118"]
[BlackElo "2057"]
[Annotator "RC"]
[PlyCount "98"]
[EventDate "2024.06.23"]
[EventType "swiss"]
[EventCountry "TUR"]
[SourceTitle "playchess.com"]
[Source "ChessBase"]
[SourceQuality "1"]
[TimeControl "5400+30"]

1. e4 e6 2. d4 d5 3. Nd2 c5 4. Ngf3 cxd4 5. Nxd4 Nc6 6. Nxc6 bxc6 7. Bd3 Nf6 8. Qe2 Be7 9. O-O O-O 10. Re1 Nd7 11. c3 a5 12. e5 Nc5 13. Bc2 Ba6 14. Qe3 Qb6 15. Qh3 g6 16. Rb1 Rfc8 17. b4 Nd7 18. Nf3 Qd8 19. Qh6 Qf8 20. Qf4 axb4 21. cxb4 Bb5 22. a3 Ba4 23. Bd3 c5 24. b5 Rcb8 25. Qd2 Qd8 26. Bc2 Bxb5 27. h4 Ba4 28. Rxb8 Qxb8 29. h5 Bxc2 30. Qxc2 Qb5 31. Re3 Qa4 32. Qd2 Rb8 33. hxg6 hxg6 34. Rd3 Rb1 35. Kh2 Qe4 36. Re3 Qg4 37. a4 Qf4+ 38. g3 Qxa4 39. Re1 Qg4 40. Kg2 Rb3 41. Qd1 c4 42. Rh1 Rd3 43. Qe2 Nxe5 44. Bb2 c3 45. Bxc3 Rxc3 46. Rh8+ Kg7 47. Qxe5+ Bf6 48. Rg8+ Kxg8 49. Qxf6 Qxf3+ 0-1

[Event "10th Cesme Open-A 2024"]
[Site "Cesme"]
[Date "2024.06.28"]
[Round "7"]
[White "Isgenderova, Hayale"]
[Black "Caputcuoglu, Zeki Berke"]
[Result "0-1"]
[ECO "C41"]
[WhiteElo "2103"]
[BlackElo "2239"]
[Annotator "RC"]
[PlyCount "80"]
[EventDate "2024.06.23"]
[EventType "swiss"]
[EventCountry "TUR"]
[SourceTitle "playchess.com"]
[Source "ChessBase"]
[SourceQuality "1"]
[TimeControl "5400+30"]

1. e4 e5 2. Nf3 d6 3. Bc4 Nf6 4. Ng5 d5 5. exd5 Bc5 6. d4 Bxd4 7. c3 Bb6 8. a4 O-O 9. a5 Bc5 10. b4 Bd6 11. Nd2 e4 12. Be2 Re8 13. Nc4 h6 14. Nh3 Bxh3 15. gxh3 Qd7 16. Be3 Qxh3 17. Qd4 Nbd7 18. O-O-O Ne5 19. Nxd6 cxd6 20. Rhg1 Kh7 21. Rg3 Qf5 22. Rdg1 g6 23. Qd2 Nf3 24. Bxf3 exf3 25. Qd4 Nxd5 26. Bxh6 Kxh6 27. Qd2+ Qf4 28. Rxf3 Qxd2+ 29. Kxd2 Kg7 30. Rd3 Re5 31. Rd1 Rc8 32. Re1 Rxe1 33. Kxe1 Nxc3 34. Rxd6 Rc4 35. Rd3 Ne4 36. Rb3 Kf6 37. Ke2 Rc3 38. Rb2 Ke6 39. f3 Nf6 40. b5 Nd5 0-1

[Event "10th Cesme Open-A 2024"]
[Site "Cesme"]
[Date "2024.06.28"]
[Round "7"]
[White "Anacak, Hasan Gunes"]
[Black "Demirbas, Emre"]
[Result "1-0"]
[ECO "B45"]
[WhiteElo "2095"]
[BlackElo "2012"]
[Annotator "NA RC"]
[PlyCount "45"]
[EventDate "2024.06.23"]
[EventType "swiss"]
[EventCountry "TUR"]
[SourceTitle "playchess.com"]
[Source "ChessBase"]
[SourceQuality "1"]
[TimeControl "5400+30"]

1. e4 c5 2. Nf3 e6 3. d4 cxd4 4. Nxd4 Nf6 5. Nc3 Nc6 6. a3 Be7 7. Nxc6 bxc6 8. e5 Nd5 9. Qg4 g6 10. Qg3 d6 11. Ne4 dxe5 12. c4 Nf4 13. Qc3 O-O 14. Qxe5 Nd3+ 15. Bxd3 Qxd3 16. Nf6+ Bxf6 17. Qxf6 Rd8 18. f3 Ba6 19. b3 Qd1+ 20. Kf2 Qxb3 21. Kg3 Rab8 22. Bf4 Bxc4 23. Rab1 1-0

[Event "10th Cesme Open-A 2024"]
[Site "Cesme"]
[Date "2024.06.28"]
[Round "7"]
[White "Aliyev, Elnur"]
[Black "Nazarian, Arash"]
[Result "0-1"]
[ECO "C02"]
[WhiteElo "2073"]
[BlackElo "2007"]
[Annotator "RC"]
[PlyCount "127"]
[EventDate "2024.06.23"]
[EventType "swiss"]
[EventCountry "TUR"]
[SourceTitle "playchess.com"]
[Source "ChessBase"]
[SourceQuality "1"]
[TimeControl "5400+30"]

1. e4 e6 2. d4 d5 3. e5 c5 4. c3 Nc6 5. Nf3 Qb6 6. Bd3 cxd4 7. cxd4 Bd7 8. O-O Nxd4 9. Nbd2 Ne7 10. Nxd4 Qxd4 11. Nf3 Qb6 12. Be3 Qd8 13. h4 Nc6 14. a3 Be7 15. b4 a6 16. h5 f5 17. exf6 Bxf6 18. Qc2 Bxa1 19. Rxa1 Qf6 20. Re1 h6 21. Bg6+ Kf8 22. Qc5+ Kg8 23. Qd6 Be8 24. Bd4 Nxd4 25. Nxd4 Bxg6 26. hxg6 Rf8 27. Nf3 Qxg6 28. Rxe6 Rf6 29. Rxf6 Qxf6 30. Qxd5+ Kh7 31. Qe4+ Qg6 32. Qxb7 Rd8 33. g3 Qh5 34. Kg2 Qb5 35. Qe4+ Kh8 36. Kh2 Qd5 37. Qf4 Kg8 38. Kg2 Rf8 39. Qe3 Rf6 40. g4 Re6 41. Qc3 Re4 42. Kg3 Qd6+ 43. Kh3 Qf4 44. Qc8+ Kh7 45. Qf5+ Qxf5 46. gxf5 Rf4 47. Kg3 Rxf5 48. Nd2 Rd5 49. Nc4 Rd3+ 50. f3 Rc3 51. Ne5 Rxa3 52. Nd7 Ra4 53. Nc5 Rxb4 54. Nxa6 Rc4 55. Nb8 h5 56. Nd7 g5 57. Ne5 Rc3 58. Kf2 Kg7 59. Nd7 Kf7 60. Nb6 Ke6 61. Ke2 Kd6 62. Na4 Rb3 63. Kd2 Rxf3 64. Ke1 0-1

[Event "10th Cesme Open-A 2024"]
[Site "Cesme"]
[Date "2024.06.28"]
[Round "7"]
[White "Uysal, Ugur"]
[Black "Jafarli, Babak"]
[Result "1-0"]
[ECO "A38"]
[WhiteElo "2058"]
[BlackElo "2192"]
[Annotator "RC"]
[PlyCount "61"]
[EventDate "2024.06.23"]
[EventType "swiss"]
[EventCountry "TUR"]
[SourceTitle "playchess.com"]
[Source "ChessBase"]
[SourceQuality "1"]
[TimeControl "5400+30"]

1. Nf3 Nf6 2. d4 c5 3. c4 cxd4 4. Nxd4 Nc6 5. g3 g6 6. Bg2 Bg7 7. O-O O-O 8. Nc2 d6 9. Nc3 Nd7 10. Qd2 a5 11. b3 Nc5 12. Bb2 Be6 13. Rab1 a4 14. b4 Nd7 15. Nd5 Bxd5 16. Bxd5 Bxb2 17. Rxb2 Nb6 18. Ne3 Nxd5 19. cxd5 Ne5 20. Rc1 Qb6 21. Rbc2 a3 22. Nc4 Nxc4 23. Rxc4 Qb5 24. Rc7 Rfe8 25. R1c4 h5 26. g4 hxg4 27. Rxg4 Rac8 28. Qh6 Rxc7 29. Rh4 Rc1+ 30. Qxc1 e6 31. Qh6 1-0

[Event "10th Cesme Open-A 2024"]
[Site "Cesme"]
[Date "2024.06.28"]
[Round "7"]
[White "Portakalci, Yusuf"]
[Black "Ozkan, Ervin"]
[Result "1/2-1/2"]
[ECO "D02"]
[WhiteElo "2034"]
[BlackElo "2147"]
[Annotator "RC"]
[PlyCount "154"]
[EventDate "2024.06.23"]
[EventType "swiss"]
[EventCountry "TUR"]
[SourceTitle "playchess.com"]
[Source "ChessBase"]
[SourceQuality "1"]
[TimeControl "5400+30"]

1. d4 d5 2. Bf4 Nf6 3. e3 c5 4. Nf3 Nc6 5. Nbd2 Bf5 6. c3 Qb6 7. Qb3 c4 8. Qxb6 axb6 9. Nh4 Bd7 10. a3 b5 11. Rc1 h6 12. Nhf3 Bf5 13. h3 Nd7 14. g4 Bh7 15. Bg2 Nb6 16. Ne5 f6 17. Nxc6 bxc6 18. e4 e6 19. O-O Na4 20. Rb1 Kd7 21. Rfe1 Bd6 22. Bxd6 Kxd6 23. f4 Rhe8 24. Nf1 g5 25. f5 exf5 26. gxf5 dxe4 27. Ng3 Kc7 28. Rxe4 h5 29. Rbe1 Rxe4 30. Rxe4 h4 31. Re7+ Kb6 32. Ne4 Bxf5 33. Nxf6 Rf8 34. Ne8 Nxb2 35. Nd6 Bc8 36. Ne4 Nd3 37. Kh2 g4 38. hxg4 Bxg4 39. Nd6 Bc8 40. a4 Rd8 41. Nxc8+ Rxc8 42. axb5 cxb5 43. Re6+ Kc7 44. Rc6+ Kd8 45. Rxc8+ Kxc8 46. Bc6 b4 47. cxb4 c3 48. Ba4 Nxb4 49. Kh3 Kc7 50. Kxh4 Kd6 51. Bb3 Nc6 52. Kg3 Nxd4 53. Bd1 Kd5 54. Kf4 Kc4 55. Ke3 Nf5+ 56. Ke4 Ne7 57. Bc2 Nc6 58. Ke3 Kb4 59. Ke2 Ka3 60. Kd1 Kb2 61. Bh7 Ne5 62. Bf5 Ng4 63. Bh7 Ne3+ 64. Ke2 Ng2 65. Kd1 Nf4 66. Bf5 Kb3 67. Bc2+ Kc4 68. Bh7 Kd4 69. Kc2 Nd5 70. Bg6 Nf4 71. Bh7 Ng2 72. Bg6 Ne1+ 73. Kc1 Ng2 74. Kc2 Kc4 75. Bf7+ Kb4 76. Bg6 Ne3+ 77. Kc1 c2 1/2-1/2

[Event "10th Cesme Open-A 2024"]
[Site "Cesme"]
[Date "2024.06.28"]
[Round "7"]
[White "Yildiz, Serdar Murat"]
[Black "Altun, Arda"]
[Result "1/2-1/2"]
[ECO "B90"]
[WhiteElo "2026"]
[BlackElo "2149"]
[Annotator "RC"]
[PlyCount "80"]
[EventDate "2024.06.23"]
[EventType "swiss"]
[EventCountry "TUR"]
[SourceTitle "playchess.com"]
[Source "ChessBase"]
[SourceQuality "1"]
[TimeControl "5400+30"]

1. e4 c5 2. Nf3 d6 3. d4 cxd4 4. Nxd4 Nf6 5. Nc3 a6 6. h3 e5 7. Nb3 Be6 8. f4 exf4 9. Bxf4 Be7 10. Qf3 Nc6 11. O-O-O Qc7 12. Be2 Ne5 13. Qe3 b5 14. Nd5 Bxd5 15. exd5 Rc8 16. c3 Nfd7 17. Bg4 Bf6 18. Kb1 O-O 19. Nd4 Rfe8 20. Rhe1 Kf8 21. Qg3 Nc4 22. Nc6 Rxe1 23. Rxe1 Re8 24. Rxe8+ Kxe8 25. b3 Nce5 26. Bxd7+ Qxd7 27. Bxe5 Qf5+ 28. Kb2 Bxe5 29. Qe3 Kf8 30. Nxe5 Qxe5 31. Qxe5 dxe5 32. c4 bxc4 33. bxc4 Ke7 34. c5 f5 35. Kc3 Kd7 36. Kd3 Kc7 37. g4 g6 38. gxf5 gxf5 39. Ke3 h5 40. h4 Kd7 1/2-1/2

[Event "10th Cesme Open-A 2024"]
[Site "Cesme"]
[Date "2024.06.28"]
[Round "7"]
[White "Pereverzev, Timofei"]
[Black "Kavri, Yusuf Eren"]
[Result "1/2-1/2"]
[ECO "B56"]
[WhiteElo "2019"]
[BlackElo "2059"]
[Annotator "NA RC"]
[PlyCount "94"]
[EventDate "2024.06.23"]
[EventType "swiss"]
[EventCountry "TUR"]
[SourceTitle "playchess.com"]
[Source "ChessBase"]
[SourceQuality "1"]
[TimeControl "5400+30"]

1. e4 c5 2. Nf3 Nc6 3. d4 cxd4 4. Nxd4 Nf6 5. Nc3 d6 6. f3 e5 7. Nb3 Be6 8. Be3 d5 9. exd5 Nxd5 10. Nxd5 Qxd5 11. Qxd5 Bxd5 12. c3 O-O-O 13. O-O-O Be7 14. Bd3 Kc7 15. Rd2 b6 16. Rhd1 Be6 17. f4 exf4 18. Bxf4+ Bd6 19. Bxd6+ Rxd6 20. Bc4 Rxd2 21. Nxd2 Bg4 22. Re1 f6 23. h3 Bd7 24. Nf3 g5 25. b4 Re8 26. Rxe8 Bxe8 27. h4 h6 28. Kd2 Kd6 29. Bb5 Bf7 30. Bxc6 Kxc6 31. hxg5 hxg5 32. a4 Kd5 33. Nd4 Be8 34. b5 Kc4 35. Nc6 a6 36. Ne7 axb5 37. axb5 Bxb5 38. Ng8 f5 39. Nh6 f4 40. Nf7 Bc6 41. Nxg5 Bxg2 42. Ne6 f3 43. Nf4 f2 44. Nxg2 f1=N+ 45. Kc2 b5 46. Kb2 b4 47. cxb4 Kxb4 1/2-1/2

[Event "10th Cesme Open-A 2024"]
[Site "Cesme"]
[Date "2024.06.30"]
[Round "9"]
[White "Bernadskiy, Vitaliy"]
[Black "Yermolinsky, Alex"]
[Result "1-0"]
[ECO "B62"]
[WhiteElo "2563"]
[BlackElo "2421"]
[Annotator "TA"]
[PlyCount "73"]
[EventDate "2024.06.23"]
[EventType "swiss"]
[EventCountry "TUR"]
[SourceTitle "playchess.com"]
[Source "ChessBase"]
[SourceQuality "1"]
[TimeControl "5400+30"]

1. e4 c5 2. Nf3 d6 3. d4 cxd4 4. Nxd4 Nf6 5. Nc3 Nc6 6. Bg5 e6 7. Bb5 Qb6 8. Bxf6 (8. Be3 $5 Qc7 $8 9. O-O $11) 8... gxf6 9. O-O Bd7 {[%emt 0:04:30] White has an edge.} 10. Bxc6 (10. Nb3 {with more complications.} Rg8 11. a4 a6 12. a5) 10... bxc6 11. Nb3 h5 12. Kh1 h4 13. h3 Be7 14. Qf3 O-O-O 15. a4 Rdg8 16. a5 Qc7 17. Nd4 Rg5 18. b4 Rhg8 {[%emt 0:00:30] White must now prevent ...Rxg2.} 19. Rg1 e5 (19... d5 {seems wilder.} 20. b5 Bb4 21. bxc6 Bxc6 22. Rad1 Bxc3 23. Qxc3 Ba8) 20. Nb3 f5 21. b5 fxe4 $1 (21... cxb5 22. Nd5 Qd8 23. exf5 $18) 22. Qxe4 d5 (22... cxb5 $2 23. Nd5 Bc6 24. Nxe7+ (24. Qxh4 $2 Bxd5 25. Qh7 Bxg2+ 26. Kh2 Qc4 $19) 24... Kd7 25. Nxc6 (25. Qxh4 $2 Rxg2 26. Rxg2 Rxg2 $19) 25... Qxc6 26. Rae1 $18 (26. Qxh4 $2 Rxg2 $19)) 23. Qe2 e4 (23... Bd6 $11) 24. b6 $1 $14 Qe5 {[%emt 0:10:30] This move loses the game for Black.} (24... axb6 $14 25. Qa6+ Qb7 26. axb6 Bb4) 25. Qa6+ $18 (25. bxa7 Kb7 26. Qe3 Bd6 $14 (26... Ka8 27. Na4 $14)) 25... Kd8 {[%emt 0:00:00] Hoping for ...Bd6.} 26. bxa7 Bd6 27. a8=Q+ (27. a8=R+ Ke7 28. g3 (28. f4 {leads to mate.} Qxf4 29. Nxd5+ Rxd5 30. g3 Rxg3 31. Qf1 Rdg5 32. Rxg3 Qxg3) 28... Qf5 $19) 27... Ke7 {[%emt 0:00:30][%csl Gd6][%cal Re5h2] [#]} 28. Nxd5+ $1 cxd5 {[%emt 0:05:16][%csl Gd6][%cal Re5h2] [#]} 29. Qxd6+ $3 Kxd6 30. Qa7 Qc3 {[%emt 0:00:50][%cal Og5g2] Prevents Qc5+} 31. Qb6+ Ke5 $2 {[%emt 0:02:18] [#]} (31... Ke7) 32. f4+ $1 exf3 33. Rae1+ Kf4 34. Qd6+ Re5 35. Qf6+ {[%emt 0:00:30] White mates.} Bf5 36. Qxh4+ Bg4 37. Qf6+ {[%emt 0:00:00] Weighted Error Value: White=0.06 (flawless) /Black=0.43.  Loses game:     	---       	Black=1      Mistake:       	---       	Black=2      OK:         	White=10    	Black=8      Best:        	White=3     	Black=5      Strong:       	White=1     	Black=1      Brilliant:      	White=2     	---} 1-0

[Event "10th Cesme Open-A 2024"]
[Site "Cesme"]
[Date "2024.06.30"]
[Round "9"]
[White "Kovalev, Vladislav"]
[Black "Schekachikhin, Maksim"]
[Result "1-0"]
[ECO "C60"]
[WhiteElo "2559"]
[BlackElo "2343"]
[Annotator "TA"]
[PlyCount "131"]
[EventDate "2024.06.23"]
[EventType "swiss"]
[EventCountry "TUR"]
[SourceTitle "playchess.com"]
[Source "ChessBase"]
[SourceQuality "1"]
[TimeControl "5400+30"]

1. e4 e5 2. Nf3 Nc6 3. Bb5 Nge7 4. Nc3 Ng6 5. h4 Be7 6. Nd5 $146 {[%emt 0:22:30] C60: Ruy Lopez: Unusual Black 3rd moves and 3...g6.} ({Predecessor:} 6. h5 Nh4 7. Nxh4 Bxh4 8. Bxc6 dxc6 9. d3 Be6 10. h6 g6 11. Be3 Bg5 12. Qd2 Bxe3 13. Qxe3 {½-½ Narayanan,S (2677)-Praggnanandhaa,R (2740) Wch Blitz Samarkand 2023 (14)}) 6... Bxh4 7. Nxh4 Nxh4 8. Nxc7+ Qxc7 9. Rxh4 d6 10. c3 Bd7 11. d3 Nd8 12. a4 a6 13. Bxd7+ Qxd7 14. Be3 f6 15. a5 O-O 16. Qb3+ Rf7 17. Ke2 Qe6 18. Ra3 Qxb3 19. Rxb3 Nc6 20. Bb6 Rd7 21. c4 h6 22. Ra3 Kf7 23. g3 Rh8 24. Ra1 Re8 25. Kd2 Ke6 26. f4 Rf8 (26... exf4 $1 $14 27. Rxf4 (27. gxf4 f5 $11) 27... Rg8) 27. f5+ $16 Ke7 28. Kc3 Rc8 29. b4 Ke8 30. Rhh1 Ne7 31. Kd2 Nc6 32. Rab1 Ra8 33. Rb2 Ne7 34. Rhb1 Nc8 35. Be3 Rc7 36. Rc2 Kd7 37. Kc3 d5 (37... Ne7 $16 38. Rcb2 g6) 38. exd5 $18 Ne7 39. Bc5 Nxf5 40. g4 Nd6 41. Re1 Rh8 42. d4 Nf7 43. Rf2 Re8 44. Kd3 Rcc8 {[%emt 0:01:26] [#]} 45. Rfe2 $1 Kc7 46. Re3 Kd7 47. Kc2 Rc7 (47... Rh8 $142 48. Kd3 Rce8) 48. Kb3 Rcc8 49. R3e2 Rc7 (49... Rb8 $142 50. Bb6 e4) 50. dxe5 Rxe5 (50... Nxe5 $142 51. Bd4 Rxc4 52. Bxe5 Rxg4) 51. Bd4 Rxe2 52. Rxe2 Rc8 53. c5 Ne5 $2 (53... Rh8 54. b5 axb5) 54. Bxe5 $18 Re8 55. Kc4 fxe5 56. Rf2 e4 57. Kd4 e3 58. Re2 g6 59. Rxe3 Rf8 60. d6 Rf7 61. Kd5 h5 62. b5 axb5 63. a6 bxa6 64. c6+ Kd8 65. c7+ Kd7 66. Re8 1-0